 Dungeon Crawl Stone Soup version 0.28-a0-769-g550dbda0cd (webtiles) character file.

Game seed: 8152508564129036136

514 jasper the Covered (level 7, 0/78 HPs)
             Began as a Demonspawn Artificer on Oct 31, 2021.
             Slain by a yak (4 damage)
             ... on level 4 of the Dungeon.
             The game lasted 00:07:01 (4537 turns).

jasper the Covered (Demonspawn Artificer)           Turns: 4537, Time: 00:07:02

Health: 0/78       AC: 23    Str: 12    XL:     7   Next: 0%
Magic:  0/7        EV:  2    Int: 12    God:
Gold:   153        SH:  0    Dex: 16    Spells: 6/6 levels left

rFire   . . .      SeeInvis .   h - +0 demon blade (elec)
rCold   . . .      Faith    .   (no shield)
rNeg    . . .      Spirit   +   (armour currently unavailable)
rPois   +          Reflect  .   (helmet currently unavailable)
rElec   .          Harm     .   (cloak currently unavailable)
rCorr   .          Rampage  .   (gloves currently unavailable)
Will    .....      NoTele   +   (boots currently unavailable)
Stlth   ++........              n - amulet of magic regeneration
HPRegen 0.23/turn               (no ring)
MPRegen 0.45/turn               (no ring)

@: tree-form
A: stationary, stasis, torment immunity, boosted hp, magic shield, magic
regeneration
a: no special abilities


You were on level 4 of the Dungeon.
You were a tree.
You visited 1 branch of the dungeon, and saw 4 of its levels.

You collected 153 gold pieces.

Inventory:

Hand Weapons
 a - a +0 club
 c - a +0 short sword
 h - a +0 demon blade of electrocution (weapon)
 k - a +0 hand axe
Missiles
 f - 150 stones (quivered)
Armour
 b - a +0 leather armour
 m - a +0 ring mail
 o - a +0 pair of gloves (melded)
 u - a +0 scale mail (melded)
Jewellery
 n - an amulet of magic regeneration (around neck)
Wands
 d - a wand of charming (11)
Potions
 i - a potion of flight
 l - 3 potions of might
 q - a potion of resistance {unknown}
 r - a potion of brilliance {unknown}
 s - 2 potions of degeneration {unknown}
 t - a potion of cancellation {unknown}
Miscellaneous
 e - a piece from Xom's chessboard (13/15)


   Skills:
 + Level 3.5 Fighting
 * Level 3.5 Long Blades
 + Level 3.6 Armour
 + Level 3.1 Dodging
 - Level 0.8 Stealth
 - Level 3.0 Evocations


You had 6 spell levels left.
You didn't know any spells.
Your spell library was empty.

Dungeon Overview and Level Annotations

Branches:
Dungeon (4/15)
 Temple: D:4-7

Altars:
Okawaru


Innate Abilities, Weirdness & Mutations

You are a tree.
Your roots penetrate the ground, keeping you stationary.
You cannot be teleported.
You are immune to unholy pain and torment.
Your maximum health is greatly increased.
Your equipment is partially melded.
When hurt, damage is shared between your health and your magic reserves.
You regenerate magic rapidly.


Message History

The yak is heavily wounded.
The yak gores you.
You take 2 damage, and have 24/78 hp.
You now have 6/7 mp.
You hit the yak but do no damage.
The yak is heavily wounded.
The yak gores you but does no damage.
You hit the yak.
The yak is severely wounded.
The yak gores you but does no damage.
MP restored: 7 You barely miss the yak.
The yak is severely wounded.
The yak gores you but does no damage. x2
You barely miss the yak.
The yak is severely wounded.
The yak gores you but does no damage.
You closely miss the yak.
The yak is severely wounded.
The yak gores you but does no damage.
You hit the yak but do no damage.
The yak is severely wounded.
The yak gores you.
* * * LOW HITPOINT WARNING * * *
You take 5 damage, and have 20/78 hp.
You now have 6/7 mp.
You hit the yak but do no damage.
The yak is severely wounded.
The yak gores you but does no damage.
You hit the yak but do no damage.
The yak is severely wounded.
The yak gores you!
* * * LOW HITPOINT WARNING * * *
You barely miss the yak.
The yak is severely wounded.
The yak gores you!
* * * LOW HITPOINT WARNING * * *
You take 17 damage, and have 4/78 hp.
MASSIVE DAMAGE!!
You now have 1/7 mp.
You slash the yak!
The yak is severely wounded.
The yak gores you but does no damage. The yak gores you.
You die...

#.........#
##........#
##......##
#..)....#
#..##...#
#####...#
#...# #...#
###. ##♣.#
.....
##Y###......
#...........
#...##..###.
#.†.# .#
#..(......
#>.(....(..
##..##......
#..# .... .


You could see a yak.

Vanquished Creatures
  A scorpion (D:4)
  An iguana (D:4)
  An orc wizard (D:3)
  3 adders
  A dart slug (D:1)
  4 orcs (D:3)
  5 bats
  10 endoplasms
  3 giant cockroaches
  6 hobgoblins
  11 jackals
  6 kobolds
  5 quokkas
  5 ball pythons
  5 frilled lizards
  7 goblins
  8 rats
82 creatures vanquished.

Vanquished Creatures (collateral kills)
  2 yaks (D:4)
2 creatures vanquished.

Vanquished Creatures (others)
  A jackal (D:1)
1 creature vanquished.

Grand Total: 85 creatures vanquished

Notes
Turn   | Place    | Note
-------+----------+-------------------------------------------
     0 | D:1      | jasper the Demonspawn Artificer began the quest for the
                  | Orb.
     0 | D:1      | Reached XP level 1. HP: 15/15 MP: 1/1
   144 | D:1      | Reached skill level 1 in Dodging
   294 | D:1      | Gained mutation: You regenerate magic rapidly. [demonic
                  | ancestry]
   294 | D:1      | Reached XP level 2. HP: 21/21 MP: 2/2
   600 | D:1      | Gained mutation: When hurt, damage is shared between your
                  | health and your magic reserves. [demonic ancestry]
   600 | D:1      | Reached XP level 3. HP: 15/27 MP: 3/3
  1798 | D:1      | Identified a scroll of acquirement
  1798 | D:1      | Acquired a +0 demon blade of electrocution
  2353 | D:2      | Reached XP level 4. HP: 20/33 MP: 4/4
  2706 | D:2      | Reached skill level 1 in Long Blades
  3600 | D:3      | Found an iron altar of Okawaru.
  3999 | D:4      | Noticed a yak
  4004 | D:4      | Noticed a yak
  4009 | D:4      | Noticed a yak
  4013 | D:4      | Killed a yak
  4014 | D:4      | Reached XP level 5. HP: 38/41 MP: 5/5
  4014 | D:4      | Reached XP level 6. HP: 44/47 MP: 6/6
  4016 | D:4      | Killed a yak
  4352 | D:4      | Reached XP level 7. HP: 27/52 MP: 5/7
  4537 | D:4      | Slain by a yak

Illustrated notes

Levels and vault maps discovered:
D:1:      tarquinn_simple_flora_water_d, layout_basic
D:2:      layout_loops_corners
D:3:      layout_basic, mainiacjoe_overflow_brackets
D:4:      layout_gridville, led_sif_book, overflow_temple_1_default,
          nrook_loot_triangle, minmay_misc_feat_more_columns

Skill      XL: |  1  2  3  4  5  6 |
---------------+-------------------+-----
Dodging        | 1 2 3 |  3.1
Armour         | 2 3 |  3.6
Fighting       | 2 3 |  3.5
Long Blades    | 2 3 |  3.5
Stealth        | |  0.8
Evocations     | |  3.0

Action                   |  1- 3 |  4- 6 |  7- 9 || total
-------------------------+-------+-------+-------++-------
Melee: Club              |    24 |       |       ||    24
       Short sword       |     9 |       |       ||     9
       Hand axe          |    64 |       |       ||    64
       Demon blade       |    37 |    93 |    28 ||   158
Throw: Stone             |    37 |     8 |       ||    45
Evoke: Wand              |    18 |     1 |       ||    19
       Piece from Xom's  |       |     4 |       ||     4
  Use: Scroll            |     4 |     7 |       ||    11
       Potion            |       |       |     2 ||     2
Armor: Leather armour    |    24 |       |       ||    24
       Ring mail         |    16 |    26 |       ||    42
       Scale mail        |       |     7 |     5 ||    12
       Skin              |       |       |    11 ||    11
Dodge: Dodged            |    95 |    49 |     4 ||   148

Table legend: (Time is in decaauts)
 A = Elapsed time spent in this place.
 B = Non-inter-level travel time spent in this place.
 C = Inter-level travel time spent in this place.
 D = Time resting spent in this place.
 E = Time spent auto-exploring this place.
 F = Levels seen in this place.
 G = Mean time per level.
                   A        B        C        D        E       F      G
               +--------+--------+--------+--------+--------+-----+--------+
         Total |   4611 |   4422 |    189 |    590 |   2979 |   4 | 1152.8 |
       Dungeon |   4611 |   4422 |    189 |    590 |   2979 |   4 | 1152.8 |
               +--------+--------+--------+--------+--------+-----+--------+

Top non-repeatable levels by time:
     D:1: 1852 daAuts
     D:3: 1304 daAuts
     D:2: 1163 daAuts
     D:4: 290 daAuts
